 Dungeon Crawl Stone Soup version 0.32-a0-39-g5c88369fb2 (webtiles) character file.

Game seed: 3495661330716003463

60 IndexError the Magician (level 4, -2/34 HPs)
             Began as a Djinni Fire Elementalist on Jan 30, 2024.
             Slain by a hobgoblin (4 damage)
             ... led by Robin
             ... on level 2 of the Dungeon.
             The game lasted 00:02:08 (1057 turns).

IndexError the Magician (Djinni Fire Elementalist)  Turns: 1057, Time: 00:02:09

Health: -2/34      AC:  2    Str:  7    XL:     4   Next: 24%
Gold:   67         EV: 12    Int: 18    God:
                   SH:  0    Dex: 14

rFire   + + .        c - +3 dagger (vamp) {!w}
rCold   x . .        (no shield)
rNeg    . . .        a - +0 robe
rPois   ∞            (no helmet)
rElec   .            (no cloak)
rCorr   .            (no gloves)
SInv    .            (boots unavailable)
Will    .....        (no amulet)
Stlth   ++           (no ring)
HPRegen 0.25/turn    (no ring)
MPRegen 0.00/turn

%: infuse magic (-3 HP)
@: flying
A: sickness immunity, fire resistance 2, cold vulnerability 1, float, innate
caster, HP casting, extra vitality 1
a: no special abilities


You were on level 2 of the Dungeon.
You visited 1 branch of the dungeon, and saw 2 of its levels.

You collected 67 gold pieces.

Inventory:

Hand Weapons
 c - a +3 vampiric dagger (weapon) {!w}
   (You found it on level 1 of the Dungeon)
Armour
 a - a +0 robe (worn)
Jewellery
 d - a ring of willpower
   (You found it on level 1 of the Dungeon)
Scrolls
 e - 3 scrolls of summoning {unknown}
Potions
 b - 2 potions of might {unknown}


   Skills:
 * Level 2.7 Fighting
 - Level 2.1 Dodging
 - Level 1.5 Stealth
 + Level 3.5 Spellcasting
 + Level 3.5 Conjurations
 + Level 3.5 Hexes
   Level 0.0 Charms
 + Level 3.5 Summonings
 + Level 3.5 Necromancy
 + Level 3.5 Translocations
   Level 0.0 Transmutations
 + Level 3.5 Fire Magic
 + Level 3.5 Ice Magic
 + Level 3.5 Air Magic
 + Level 3.5 Earth Magic
 + Level 3.5 Alchemy


You knew the following spells:

 Your Spells              Type           Power      Damage    Failure   Level
a - Foxfire               Conj/Fire      60%        2x1d7     3%          1
b - Scorch                Fire           30%        2d6       5%          2
c - Volatile Blastmotes   Fire/Tloc      30%        2d12      11%         3
d - Inner Flame           Hex/Fire       15%        N/A       11%         3
e - Flame Wave            Conj/Fire      15%        2d7       36%         4
f - Freeze                Ice            60%        1d7       3%          1
Your spell library was empty.

Dungeon Overview and Level Annotations

Branches:
Dungeon (2/15)

Altars:


Innate Abilities, Weirdness & Mutations

You are immune to sickness and miasma.
You are immune to poison.
Your flesh is very heat resistant. (rF++)
You are vulnerable to cold. (rC-)
You float through the air rather than walking.
You learn spells naturally, not from books.
Your magical power is your life essence.
You have superior vitality. (+4 MHP)


Message History

Robin throws the goblin at you!
You take 5 damage, and have 22/34 hp.
You conjure some foxfire!
The goblin no longer looks unusually strong.
The goblin hits you with a +0 dagger.
Robin roars a battlecry!
The goblin goes into a battle-frenzy!
You take 6 damage, and have 16/34 hp.
You are too injured to fight recklessly!
You are too injured to fight recklessly!
The goblin no longer looks unusually strong.
The foxfire hits Robin.
Robin is burned terribly!
The goblin hits you with a +0 dagger.
You take 3 damage, and have 13/34 hp.
You are too injured to fight recklessly!
Robin is no longer more vulnerable to fire.
The goblin hits you with a +0 dagger.
* * * LOW HITPOINT WARNING * * *
Robin roars a battlecry!
The goblin goes into a battle-frenzy!
You take 3 damage, and have 10/34 hp.
You are too injured to fight recklessly!
The goblin barely misses you.
A goblin comes into view. It is wielding a +0 club.
Robin closely misses you.
You are too injured to fight recklessly!
The goblin misses you.
Robin roars a battlecry!
The goblin goes into a battle-frenzy!
You are too injured to fight recklessly!
The goblin no longer looks unusually strong.
The goblin closely misses you.
A hobgoblin comes into view.
You are too injured to fight recklessly!
Casting: Foxfire (safe; 3% risk of failure)
Confirm with . or Enter, or press ? or * to list all spells.
You conjure some foxfire!
* * * LOW HITPOINT WARNING * * *
The goblin no longer looks unusually strong.
The goblin barely misses you.
Robin hits you from afar with a +0 spear.
* * * LOW HITPOINT WARNING * * *
You take 1 damage, and have 9/34 hp.
The hobgoblin no longer looks unusually strong.
The foxfire hits Robin.
The goblin hits you with a +0 dagger.
* * * LOW HITPOINT WARNING * * *
You take 1 damage, and have 8/34 hp.
Casting: Foxfire (safe; 3% risk of failure)
Confirm with . or Enter, or press ? or * to list all spells.
You conjure some foxfire!
* * * LOW HITPOINT WARNING * * *
The goblin barely misses you.
The foxfire hits the goblin.
You take 1 damage, and have 7/34 hp.
The goblin hits you with a +0 dagger.
* * * LOW HITPOINT WARNING * * *
You take 2 damage, and have 5/34 hp.
Casting: Foxfire (safe; 3% risk of failure)
Confirm with . or Enter, or press ? or * to list all spells.
You conjure some foxfire!
* * * LOW HITPOINT WARNING * * *
The goblin hits you with a +0 dagger.
* * * LOW HITPOINT WARNING * * *
The foxfire hits the goblin!
The goblin completely misses you.
You take 1 damage, and have 4/34 hp.
Casting: Foxfire (safe; 3% risk of failure)
Confirm with . or Enter, or press ? or * to list all spells.
You conjure some foxfire!
* * * LOW HITPOINT WARNING * * *
The goblin misses you.
The foxfire hits the hobgoblin.
You take 1 damage, and have 3/34 hp.
The goblin closely misses you.
Casting: Foxfire (safe; 3% risk of failure)
Confirm with . or Enter, or press ? or * to list all spells.
There is not enough space to conjure foxfire!
The goblin hits you but does no damage. The hobgoblin completely misses you.
Casting: Foxfire (safe; 3% risk of failure)
Confirm with . or Enter, or press ? or * to list all spells.
There is not enough space to conjure foxfire!
The goblin hits you but does no damage.
The hobgoblin hits you but does no damage.
Casting: Foxfire (safe; 3% risk of failure)
Confirm with . or Enter, or press ? or * to list all spells.
There is not enough space to conjure foxfire!
Casting: Foxfire (safe; 3% risk of failure)
Confirm with . or Enter, or press ? or * to list all spells.
You don't have enough health to cast this spell.
The goblin hits you with a +0 dagger.
* * * LOW HITPOINT WARNING * * *
The hobgoblin closely misses you.
You take 1 damage, and have 3/34 hp.
The goblin hits you but does no damage. The hobgoblin closely misses you.
The goblin closely misses you. The hobgoblin misses you.
The goblin no longer looks unusually strong.
The goblin hits you with a +0 dagger.
* * * LOW HITPOINT WARNING * * *
The hobgoblin misses you.
You take 2 damage, and have 2/34 hp.
The goblin closely misses you. The hobgoblin hits you.
You die... #.######### # #.gggg@gg# .# #).######.###########.# #.................)...# # g†g

######)#.#######.##.#.
..g #.#†# ###.###.# #.
#.#.# ###≈≈≈≈##.# #
..§.# #..≈....#.#
#.### #.#≈≈≈≈...# ..
.......###.#


You could see 2 hobgoblins and 4 goblins.

Vanquished Creatures
  Robin (D:2)
  An adder (D:2)
  A dart slug (D:1)
  A giant cockroach (D:1)
  7 goblins
  10 hobgoblins
  2 jackals (D:1)
  3 ball pythons
  2 bats (D:1)
  3 frilled lizards (D:1)
  6 rats (D:1)
37 creatures vanquished.

Vanquished Creatures (others)
  140 foxfires
140 creatures vanquished.

Grand Total: 177 creatures vanquished

Notes
Turn   | Place    | Note
-------+----------+-------------------------------------------
     0 | D:1      | IndexError the Djinni Fire Elementalist began the quest for
                  | the Orb.
     0 | D:1      | IndexError set off with the following spells memorised:
                  | Foxfire, Scorch, Volatile Blastmotes, Inner Flame, Flame
                  | Wave.
     0 | D:1      | Reached XP level 1. HP: 15/15 MP: 0/0
   199 | D:1      | HP: 3/16 [hobgoblin (4)]
   289 | D:1      | Reached skill level 1 in Fighting
   289 | D:1      | Reached XP level 2. HP: 19/22 MP: 0/0
   498 | D:1      | Reached XP level 3. HP: 25/28 MP: 0/0
   498 | D:1      | Learned a level 1 spell: Freeze
   720 | D:1      | Reached skill level 2 in Fighting
   874 | D:2      | Noticed Robin
  1033 | D:2      | Reached XP level 4. HP: 26/34 MP: 0/0
  1044 | D:2      | Killed Robin
  1044 | D:2      | HP: 8/34 [goblin/+0 dagger[Robin] (1)]
  1053 | D:2      | HP: 3/34 [goblin/+0 dagger[Robin] (1)]
  1057 | D:2      | Slain by a hobgoblin

Illustrated notes

Levels and vault maps discovered:
D:1:      onia_arrival_handbag, layout_basic
D:2:      minmay_chambers_of_twos, layout_loops_ring, grunt_ministairs_5,
          chequers_serial_rivers_micro_d, uniq_robin

Skill      XL: |  1  2  3 |
---------------+----------+-----
Fighting       | 1 2 |  2.7
Dodging        | |  2.1
Stealth        | |  1.5
Spellcasting   | |  3.5
Conjurations   | |  3.5
Hexes          | |  3.5
Summonings     | |  3.5
Necromancy     | |  3.5
Translocations | |  3.5
Fire Magic     | |  3.5
Ice Magic      | |  3.5
Air Magic      | |  3.5
Earth Magic    | |  3.5
Alchemy        | |  3.5

Action                     |  1- 3 |  4- 6 || total
---------------------------+-------+-------++-------
   Cast: Foxfire           |    87 |     5 ||    92
         Scorch            |     1 |     1 ||     2
 Armour: Robe              |    11 |    16 ||    27
  Dodge: Dodged            |    11 |    16 ||    27

Table legend: (Time is in decaauts)
 A = Elapsed time spent in this place.
 B = Non-inter-level travel time spent in this place.
 C = Inter-level travel time spent in this place.
 D = Time resting spent in this place.
 E = Time spent auto-exploring this place.
 F = Levels seen in this place.
 G = Mean time per level.
                   A        B        C        D        E       F      G
               +--------+--------+--------+--------+--------+-----+--------+
         Total |   1056 |    917 |    139 |      0 |    708 |   2 |  528.0 |
       Dungeon |   1056 |    917 |    139 |      0 |    708 |   2 |  528.0 |
               +--------+--------+--------+--------+--------+-----+--------+

Top non-repeatable levels by time:
     D:1: 909 daAuts
     D:2: 147 daAuts

Levels and vault maps discovered:
D:1:      onia_arrival_handbag, layout_basic
D:2:      minmay_chambers_of_twos, layout_loops_ring, grunt_ministairs_5,
          chequers_serial_rivers_micro_d, uniq_robin

Table legend: (Time is in decaauts)
 A = Elapsed time spent in this place.
 B = Non-inter-level travel time spent in this place.
 C = Inter-level travel time spent in this place.
 D = Time resting spent in this place.
 E = Time spent auto-exploring this place.
 F = Levels seen in this place.
 G = Mean time per level.
                   A        B        C        D        E       F      G
               +--------+--------+--------+--------+--------+-----+--------+
         Total |   1056 |    917 |    139 |      0 |    708 |   2 |  528.0 |
       Dungeon |   1056 |    917 |    139 |      0 |    708 |   2 |  528.0 |
               +--------+--------+--------+--------+--------+-----+--------+

Top non-repeatable levels by time:
     D:1: 909 daAuts
     D:2: 147 daAuts

Table legend:
 A = Kills in this place as a percentage of kills in the entire game.
 B = Kills by you in this place as a percentage of kills by you in the entire game.
 C = Kills by friends in this place as a percentage of kills by friends in the entire game.
 D = Other kills in this place as a percentage of other kills in the entire game.
 E = Experience gained in this place as a percentage of experience gained in the entire game.
 F = Experience gained in this place divided by the number of levels of this place that you have seen.
                   A       B       C       D       E      F
               +-------+-------+-------+-------+-------+----------------------
         Total | 100.0 | 100.0 |   N/A |   N/A | 100.0 |  43.0
       Dungeon | 100.0 | 100.0 |   N/A |   N/A | 100.0 |  43.0
               +-------+-------+-------+-------+-------+----------------------
